Map: Cyber Forest LE

Players

Lambo - Winner!

  • Race: Zerg Zerg
  • League: Master
  • Spawn Location: 11:00

llllllllllll

  • Race: Zerg Zerg
  • League: Master
  • Spawn Location: 5:00

VOD

Have the link to the VOD?

Description

Time

  • Played on: Jan. 24, 2019, 10:03 a.m.
  • Length: 6:03
Show
View Real Time Build Order
Export as new Build Order

Lambo Zerg - Winner!

Build Orders: Hatch First 

Get SALT Encoding   

  12  0:01  Drone  
  13  0:13  Overlord  
  13  0:19  Drone  
  14  0:31  Drone x2  
  16  0:50  Hatchery  
  16  0:53  Drone  
  17  0:57  Drone  
  17  1:01  Drone  
  18  1:13  Extractor  
  18  1:16  Spawning Pool  
  16  1:19  Drone  
  16  1:23  Drone  
  18  1:29  Drone  
  19  1:39  Drone  
  20  1:52  Drone  
  21  2:04  Queen, Zergling x4  
  21  2:05  Queen  
  27  2:15  Zergling x2  
  24  2:28  Drone  
  25  2:30  Drone  
  26  2:37  Drone  
  27  2:49  Overlord  
  27  2:56  Drone  
  30  3:14  Spine Crawler  
  30  3:15  Zergling x6  
  30  3:16  Zergling x8  
  30  3:18  Zergling x2  
  35  3:27  Zergling x2  
  36  3:36  Zergling x4  
  34  3:45  Metabolic Boost  
  33  3:55  Overlord  
  33  4:07  Overlord  
  33  4:16  Queen  
  34  4:17  Zergling x6  
  37  4:25  Queen  
  37  4:29  Drone  
  40  4:34  Drone  
  40  4:35  Drone  
  40  4:37  Drone  
  43  4:44  Baneling Nest  
  42  4:47  Drone  
  42  4:50  Drone  
  44  4:58  Drone x2  
  46  5:09  Drone  
  47  5:15  Hatchery  
  47  5:18  Drone x2  
  48  5:29  Baneling x4  
  48  5:30  Drone x3  
  48  5:34  Evolution Chamber  
  48  5:35  Drone  
  51  5:46  Drone  
  51  5:47  Drone x2  
Show
View Real Time Build Order
Export as new Build Order

llllllllllll Zerg 

Build Orders: Pool First 

Get SALT Encoding   

  12  0:19  Spawning Pool  
  11  0:22  Drone  
  11  0:27  Drone  
  13  0:31  Drone  
  14  0:41  Overlord  
  14  0:59  Extractor  
  13  1:06  Zergling x6  
  16  1:19  Zergling x2  
  16  1:25  Hatchery  
  16  1:29  Zergling x2  
  17  1:43  Zergling x2  
  18  1:52  Queen  
  20  2:01  Metabolic Boost  
  20  2:07  Zergling x2  
  21  2:17  Overlord  
  19  2:26  Zergling x4  
  19  2:36  Zergling x2  
  20  2:38  Zergling x2  
  20  2:43  Zergling x2  
  22  2:50  Zergling x2  
  22  2:57  Zergling x2  
  23  3:00  Zergling x2  
  24  3:05  Zergling x2  
  24  3:12  Zergling x4  
  27  3:14  Overlord  
  27  3:28  Zergling x2  
  27  3:33  Zergling x4  
  29  3:37  Zergling x2  
  29  3:38  Zergling x2  
  28  3:42  Zergling x2  
  28  3:46  Zergling x2  
  26  3:49  Zergling x2  
  26  3:54  Zergling x2  
  27  4:01  Drone  
  29  4:06  Drone  
  30  4:12  Drone  
  30  4:13  Drone  
  31  4:20  Drone  
  31  4:24  Drone x2  
  34  4:26  Drone  
  34  4:30  Drone  
  35  4:44  Overlord x2  
  35  5:02  Queen  
  35  5:03  Drone x4  
  35  5:05  Drone  
  42  5:08  Drone  
  42  5:12  Drone  
  42  5:14  Drone  
  45  5:21  Drone x2  
  47  5:22  Drone  
  47  5:29  Zergling x4  
  47  5:30  Zergling x2  
  49  5:45  Zergling x4  
Tags
 
Add a new tag
Caveats
  • Supply blocks, unpowered buildings, or Contaminate may cause inaccurate times.
  • Supply counts are checked every 10 seconds.